 Dungeon Crawl Stone Soup version 0.30.0-5-g1a98f26d00 (webtiles) character file.

Game seed: 15118010991978168659

421 Jase the Covered (level 6, -1/57 HPs)
             Began as a Minotaur Fighter on May 10, 2023.
             Slain by an ogre
             ... wielding a +0 giant club
              (18 damage)
             ... on level 4 of the Dungeon.
             The game lasted 00:04:23 (2385 turns).

Jase the Covered (Minotaur Fighter)                 Turns: 2385, Time: 00:04:24

Health: -1/57      AC: 10    Str: 22    XL:     6   Next: 62%
Magic:  5/5        EV:  8    Int:  5    God:
Gold:   125        SH:  4    Dex: 10    Spells: 5/5 levels left

rFire   . . .        a - +0 flail
rCold   . . .        c - +0 buckler
rNeg    . . .        k - +0 chain mail
rPois   .            (helmet restricted)
rElec   .            (no cloak)
rCorr   +            (no gloves)
SInv    .            (no boots)
Will    .....        (no amulet) Stlth
                     w - ring of resist corrosion
HPRegen 0.29/turn    (no ring)
MPRegen 0.09/turn

%: no passive effects
@: no status effects
A: horns 2, retaliatory headbutt
a: no special abilities


You were on level 4 of the Dungeon.
You visited 1 branch of the dungeon, and saw 4 of its levels.
You also visited: Sewer.

You collected 149 gold pieces.
You spent 24 gold pieces at shops.

Inventory:

Hand Weapons
 a - a +0 flail (weapon)
Missiles
 g - 20 poisoned darts (quivered)
Armour
 c - a +0 buckler (worn)
 k - a +0 chain mail (worn)
Jewellery
 w - a ring of resist corrosion (left hand)
Scrolls
 f - a scroll of poison {unknown}
 h - 2 scrolls of teleportation
 l - a scroll of fog {unknown}
 o - a scroll of amnesia {unknown}
 p - a scroll of immolation {unknown}
 q - a scroll of brand weapon {unknown}
 r - 2 scrolls of silence {unknown}
 s - a scroll of enchant armour {unknown}
 v - a scroll of blinking {unknown}
Potions
 b - 2 potions of haste
 d - 2 potions of might
 e - 4 potions of heal wounds
 i - 5 potions of curing {unknown}
 j - a potion of brilliance
 m - a potion of cancellation
 n - a potion of lignification
 t - 2 potions of attraction
 u - a potion of flight


   Skills:
 + Level 6.0 Fighting
 + Level 5.2 Maces & Flails
 + Level 6.0 Armour
 - Level 3.6 Shields


You had 5 spell levels left.
You didn't know any spells.
Your spell library contained the following spells:

 Spells                   Type           Power      Damage    Failure   Level
 Apportation              Tloc           0%         N/A       98%         1
 Necrotise                Necr           0%         1d4       98%         1
 Slow                     Hex            0%         N/A       98%         1
 Summon Small Mammal      Summ           0%         N/A       98%         1
 Ensorcelled Hibernation  Hex/Ice        0%         N/A       99%         2
 Passwall                 Tmut/Erth      0%         N/A       99%         2
 Confusing Touch          Hex            0%         N/A       100%        3
 Swiftness                Air            0%         N/A       100%        3
 Vampiric Draining        Necr           0%         2d6       100%        3


Dungeon Overview and Level Annotations

Branches:
Dungeon (4/15)              Sewer (visited)
 Temple: D:4-7

Altars:

Shops:
D:3 *

Annotations:
D:3 1 runed translucent door, 1 exclusion, Crazy Yiuf


Innate Abilities, Weirdness & Mutations

You have a pair of horns on your head.
You reflexively headbutt those who attack you in melee.


Message History

The orc hits you but does no damage.
You hit the orc.
You kill the orc!
No target in view!
A howler monkey comes into view.
The howler monkey howls!
The howler monkey hoots and howls with incredible vigour!
You hear a shout!
Things that are here:
a +0 dagger; a +0 leather armour The howler monkey closely misses you.
You sock the howler monkey! You headbutt the howler monkey!
You kill the howler monkey!
Your Fighting skill increases to level 6!
Your Armour skill increases to level 6!
No target in view!
No target in view!
HP restored.
An orc priest comes into view. It is wielding a +0 club.
An ogre comes into view. It is wielding a +0 giant club.
You completely miss the ogre. Your headbutt misses the ogre.
The orc priest looks encouraged for a moment.
The ogre hits you with a +0 giant club!
You hit the ogre but do no damage. The ogre closely misses you.
Unknown command.
You sock the ogre! You headbutt the ogre!
The ogre is severely wounded.
The orc priest calls down the wrath of Beogh upon you.
Beogh smites you! The ogre barely misses you. You furiously retaliate!
You headbutt the ogre. You barely miss the ogre. You headbutt the ogre.
The ogre is almost dead.
You hit the ogre but do no damage. Your headbutt misses the ogre.
The ogre is almost dead.
The ogre hits you with a +0 giant club!
* * * LOW HITPOINT WARNING * * *
You barely miss the ogre.
The ogre is almost dead.
The ogre hits you with a +0 giant club!!
You die...

#.# #.# #.# #.# #.#
#.# ######
#.#####....#
####........#.#
#@)...####..#.####
#.O.###.#..#..#....#
##..# #.#.....####.#
#..# #.#..........#
#>## #.####.#...###
#. #.. #.##..# #.
#.# #.....# #. ###
#####.# #.....#


You could see an ogre.

Vanquished Creatures
  Sigmund (D:3)
  A howler monkey (D:4)
  Terence (D:3)
  2 river rats (D:3)
  10 adders
  6 worms
  A dart slug (D:2)
  2 orcs
  4 bats
  4 endoplasms
  2 giant cockroaches (D:3)
  4 goblins
  3 hobgoblins
  7 quokkas
  7 ball pythons
  5 frilled lizards
  4 kobolds
  5 rats
69 creatures vanquished.

Notes
Turn   | Place    | Note
-------+----------+-------------------------------------------
     0 | D:1      | Jase the Minotaur Fighter began the quest for the Orb.
     0 | D:1      | Reached XP level 1. HP: 19/19 MP: 0/0
   115 | D:1      | Found a faded altar of an unknown god.
   448 | D:1      | Reached XP level 2. HP: 27/27 MP: 1/1
   673 | D:2      | Reached XP level 3. HP: 16/33 MP: 2/2
  1141 | D:3      | Noticed Sigmund
  1156 | D:3      | Killed Sigmund
  1157 | D:3      | Reached skill level 5 in Fighting
  1157 | D:3      | Reached skill level 5 in Armour
  1157 | D:3      | Reached XP level 4. HP: 27/42 MP: 3/3
  1157 | D:3      | Reached XP level 5. HP: 31/48 MP: 4/4
  1200 | D:3      | Found Bocaoguf's General Store.
  1297 | D:3      | Found a glowing drain.
  1302 | D:3      | Reached XP level 6. HP: 55/56 MP: 5/5
  1310 | Sewer    | Entered a sewer
  1487 | Sewer    | Reached skill level 5 in Maces & Flails
  1757 | D:3      | Bought a scroll of identify for 24 gold pieces
  2021 | D:3      | Noticed Terence
  2029 | D:3      | Killed Terence
  2088 | D:3      | Found a runed translucent door.
  2089 | D:3      | Noticed Crazy Yiuf
  2385 | D:4      | Slain by an ogre

Illustrated notes

Levels and vault maps discovered:
D:1:      dpeg_arrival_ternary, layout_loops_ring, basic_ecumenical_altar
D:2:      layout_rooms
D:3:      layout_rooms, gup_sewer_entry_bubbles, serial_shops,
          nicolae_shop_peninsula, minivault_24, uniq_terence, uniq_sigmund,
          uniq_crazy_yiuf_cottage
D:4:      layout_basic, grunt_dithmenos_smoke_and_mirrors

Skill      XL: |  1  2  3  4  5  6 |
---------------+-------------------+-----
Fighting       | 4 5 6 |  6.0
Armour         | 4 5 6 |  6.0
Maces & Flails | 3 4 5 |  5.2
Shields        | |  3.6

Action                     |  1- 3 |  4- 6 || total
---------------------------+-------+-------++-------
  Melee: Flail             |    65 |   121 ||   186
         Headbutt          |     7 |    17 ||    24
    Use: Scroll            |     1 |     7 ||     8
         Potion            |     1 |       ||     1
 Armour: Scale mail        |    10 |       ||    10
         Chain mail        |    29 |    57 ||    86
  Dodge: Dodged            |    23 |    63 ||    86
  Block: Buckler           |    25 |    21 ||    46
